 Dungeon Crawl Stone Soup version 0.26.1-11-gd32895ea62 (webtiles) character file.

Game seed: 16433515235192525061

67 Tirrikindir the Shield-Bearer (level 4, -3/31 HPs)
             Began as an Octopode Fighter on June 16, 2021.
             Slain by a gnoll
             ... wielding a +0 spear
              (8 damage)
             ... on level 2 of the Dungeon.
             The game lasted 00:02:03 (1156 turns).

Tirrikindir the Shield-Bearer (Octopode Fighter)    Turns: 1156, Time: 00:02:04

Health: -3/31      AC:  1    Str: 15    XL:     4   Next: 16%
Magic:  13/13      EV: 12    Int: 10    God:
Gold:   62         SH: 13    Dex: 12    Spells: 3/3 levels left

rFire    . . .     SeeInvis .   a - +0 long sword
rCold    . . .     Faith    .   b - +0 kite shield
rNeg     . . .     Spirit   .   (helmet restricted)
rPois    .         Reflect  +   f - amulet of reflection
rElec    .         Harm     .   g - ring of magical power
rCorr    .         Rampage  .   (no ring)
Will     .....                  (no ring)
Stlth    +++.......             (no ring)
HPRegen  0.10/turn              (no ring)
MPRegen  0.13/turn              (no ring)
                                (no ring)
                                (no ring)

@: no status effects
A: almost no armour, stealthy swim, amphibious, 8 rings, constrict 8, camouflage
1, gelatinous body 1
a: no special abilities


You were on level 2 of the Dungeon.
You visited 1 branch of the dungeon, and saw 2 of its levels.

You collected 62 gold pieces.

Inventory:

Hand Weapons
 a - a +0 long sword (weapon)
Armour
 b - a +0 kite shield (worn)
Jewellery
 f - an amulet of reflection (around mantle)
 g - a ring of magical power (left tentacle)
Scrolls
 i - a scroll of blinking {unknown}
Potions
 c - a potion of might
 e - 2 potions of curing
 h - a potion of haste
 j - a potion of attraction {unknown}


   Skills:
 + Level 3.3 Fighting
 * Level 2.9 Long Blades
 + Level 3.3 Dodging
 + Level 2.1 Stealth
 + Level 3.3 Shields


You had 3 spell levels left.
You didn't know any spells.
Your spell library was empty.

Dungeon Overview and Level Annotations

Branches:
Dungeon (2/15)

Altars:


Innate Abilities, Weirdness & Mutations

You cannot wear most types of armour.
You are very stealthy in the water. (Stealth+)
You are amphibious.
You can wear up to eight rings at the same time.
You can use your tentacles to constrict eight enemies at once.
Your skin changes colour to match your surroundings (Stealth+).
Your rubbery body absorbs attacks. (AC +1, EV +1)


Message History

You block the gnoll's attack.
Your Stealth skill increases to level 2!
You have reached level 4!
You barely miss the gnoll. You grab the gnoll. You constrict the gnoll.
The gnoll hits you from afar with a +0 spear.
You block the gnoll's attack.
You hit the gnoll.
The gnoll is heavily wounded.
You constrict the gnoll. You block the gnoll's attack. The gnoll hits you.
* * * LOW HITPOINT WARNING * * *
The gnoll barely misses you. The gnoll hits you.
* * * LOW HITPOINT WARNING * * *
You hit the gnoll.
You kill the gnoll!
You block the gnoll's attack.
You slash the worm! You grab the worm.
The worm is heavily wounded.
You constrict the worm. You block the gnoll's attack.
The gnoll hits you from afar with a +0 spear!
You die...

#..............
###.............. .
..#............. ..
#.............# ...
.............#....
#................
#........w.g..... ###
#.....†..@....... #.#
###.....)........ ###.#
####..............
#...###............##.##
........####......###.##
.....#####..............
#.##.............#...##
#.####................#
...##..............####


You could see a worm and a gnoll.

Vanquished Creatures
  2 gnolls (D:2)
  An adder (D:2)
  A worm (D:2)
  A dart slug (D:1)
  4 leopard geckos (D:1)
  2 ball pythons
  3 bats
  3 giant cockroaches (D:1)
  A goblin (D:1)
  4 hobgoblins
  2 kobolds (D:1)
  2 frilled lizards
  4 rats
30 creatures vanquished.

Notes
Turn   | Place    | Note
-------+----------+-------------------------------------------
     0 | D:1      | Tirrikindir the Octopode Fighter began the quest for the
                  | Orb.
     0 | D:1      | Reached XP level 1. HP: 16/16 MP: 1/1
   240 | D:1      | Reached XP level 2. HP: 21/21 MP: 2/2
   243 | D:1      | Reached skill level 1 in Stealth
   718 | D:1      | Reached XP level 3. HP: 22/26 MP: 3/3
  1153 | D:2      | Reached XP level 4. HP: 11/31 MP: 4/4
  1156 | D:2      | Slain by a gnoll

Illustrated notes

Levels and vault maps discovered:
D:1:      dpeg_arrival_simpleton_c, layout_basic, minmay_heptomino_h4
D:2:      layout_rooms, overflow_temple_1_default

Skill      XL: |  1  2  3 |
---------------+----------+-----
Stealth        | 1 2 |  2.1
Fighting       | |  3.3
Long Blades    | |  2.9
Dodging        | |  3.3
Shields        | |  3.3

Action                   |  1- 3 |  4- 6 || total
-------------------------+-------+-------++-------
Melee: Long sword        |    50 |     4 ||    54
       Constrict         |    16 |     2 ||    18
       Tentacles         |     8 |       ||     8
  Use: Scroll            |     2 |       ||     2
 Stab: Sleeping          |     6 |       ||     6
Armor: Skin              |     1 |       ||     1
Dodge: Dodged            |    15 |     1 ||    16
Block: Kite shield       |    27 |     4 ||    31
       Reflection        |     1 |       ||     1
       Rpst.: Long sword |     1 |       ||     1
